 Dungeon Crawl Stone Soup version 0.24.0-123-gd5b16e6ec5 (webtiles) character file.

Game seed: 17896370274894964251, levelgen mode: deterministic

92 vurker the Bolt Thrower (level 4, 0/27 HPs)
             Began as a Kobold Hunter on Feb 2, 2020.
             Slain by an orc wizard
             ... wielding a +0 dagger
              (1 damage)
             ... on level 3 of the Dungeon.
             The game lasted 00:03:28 (2387 turns).

vurker the Bolt Thrower (Kobold Hunter)             Turns: 2387, Time: 00:03:29

Health: 0/27       AC:  6    Str: 10    XL:     4   Next: 90%
Magic:  4/4        EV: 11    Int: 12    God:
Gold:   153        SH:  0    Dex: 15    Spells: 3/3 levels left

rFire    . . .     SeeInvis .   b - +0 short sword (flame)
rCold    . . .     Gourm    .   (shield restricted)
rNeg     . . .     Faith    .   n - +0 scale mail
rPois    .         Spirit   .   (no helmet)
rElec    .         Reflect  .   (no cloak)
rCorr    .         Harm     .   (no gloves)
MR       .....                  (no boots)
Stlth    ..........             (no amulet)
HPRegen  0.09/turn              (no ring)
MPRegen  0.09/turn              (no ring)

@: lethally poisoned (0 -> -3), slowed, very slow
A: small, carnivore
a: no special abilities


You were on level 3 of the Dungeon.
You were completely stuffed.

You visited 1 branch of the dungeon, and saw 3 of its levels.

You collected 153 gold pieces.

Inventory:

Hand Weapons
 a - a +1 hand crossbow
 b - a +0 short sword of flaming (weapon)
   (You found it on level 1 of the Dungeon)
Missiles
 d - 20 bolts
Armour
 n - a +0 scale mail (worn)
   (You found it on level 2 of the Dungeon)
Jewellery
 k - an uncursed ring of protection from cold {unknown}
   (You found it on level 2 of the Dungeon)
Scrolls
 c - a scroll of fear {unknown}
 f - 2 scrolls of identify {unknown}
 i - 3 scrolls of amnesia {unknown}
 l - 2 scrolls of teleportation {unknown}
 m - 2 scrolls of remove curse {unknown}
Potions
 g - 2 potions of curing {unknown}
 j - a potion of heal wounds
Comestibles
 e - 5 rations
 h - 3 chunks of flesh


   Skills:
 + Level 2.9 Fighting
 * Level 3.3 Short Blades
 * Level 5.8 Crossbows
 - Level 2.4 Dodging
 - Level 1.3 Stealth


You had 3 spell levels left.
You didn't know any spells.
Your spell library was empty.

Dungeon Overview and Level Annotations

Branches:
Dungeon (3/15)

Altars:
Cheibriados
Trog


Innate Abilities, Weirdness & Mutations

You are small and have problems with some larger weapons.
You are carnivorous and can eat meat at any time.


Message History

You hit the orc. You burn the orc.
You kill the orc!
You feel sick.
The orc wizard gestures at you while chanting.
The magic dart hits you!
* * * LOW HITPOINT WARNING * * *
It was a potion of heal wounds.
You feel much better.
You feel sick. The orc barely misses you.
You barely miss the orc.
You feel sick. The goblin hits you but does no damage.
The orc hits you with a +0 war axe.
You closely miss the orc.
You feel sick. The goblin hits you but does no damage.
The orc wizard hits you but does no damage.
The orc closely misses you.
Items here: )) [ † a +1 whip of venom; a +0 scale mail; a +0 dagger; an orc corpse You closely miss the orc.
You feel sick. The orc wizard barely misses you. The goblin closely misses you.
You hit the orc. You burn the orc.
You kill the orc!
You feel sick. The orc wizard barely misses you.
The goblin hits you but does no damage.
Things that are here:
a +0 war axe; an orc corpse You hit the goblin but do no damage.
You feel sick. The goblin closely misses you.
The orc wizard gestures wildly while chanting.
The orc wizard blinks!
You hit the goblin. You burn the goblin.
You feel sick. The goblin hits you with a +0 club.
You closely miss the goblin.
The orc wizard gestures at you while chanting.
You feel yourself slow down. The goblin hits you but does no damage.
You hit the goblin. You burn the goblin.
You kill the goblin!
You feel sick.
The orc wizard hits you but does no damage.
You see here a +0 club.
You barely miss the orc wizard.
You feel sick. The orc wizard barely misses you. x2
You barely miss the orc wizard.
You feel sick.
The orc wizard points at you and mumbles some strange words.
The magic dart hits you but does no damage.
You hit the orc wizard. You burn the orc wizard.
The orc wizard gestures at you while chanting.
The magic dart hits you!
* * * LOW HITPOINT WARNING * * *
The orc wizard hits you with a +0 dagger.
You die...

....... #.....#.##
....... #.....#...
....... #.....####
....... #........#
.......#### #....##...
=.........####....##..#
#...[...............#
..##.###)#..............
.......@o.####.#.......<
..##.###................
..................
................÷..
....................
.......#####........
......... .......>##
........... ....)...#
........#


You could see an orc wizard.

Vanquished Creatures
  4 adders (D:2)
  3 dart slugs
  2 leopard geckos
  3 orcs (D:3)
  A ball python (D:1)
  5 bats
  3 giant cockroaches
  5 hobgoblins
  A quokka (D:2)
  9 frilled lizards
  3 goblins
  5 kobolds
  7 rats
51 creatures vanquished.

Notes
Turn   | Place    | Note
-------+----------+-------------------------------------------
     0 | D:1      | vurker the Kobold Hunter began the quest for the Orb.
     0 | D:1      | Reached XP level 1. HP: 12/12 MP: 1/1
     2 | D:1      | Noticed an ogre
     2 | D:1      | Noticed a felid
     4 | D:1      | Noticed a vine stalker
     4 | D:1      | Noticed a ghoul
     6 | D:1      | Noticed a gargoyle
     6 | D:1      | Noticed a minotaur
    10 | D:1      | Noticed an octopode
    10 | D:1      | Noticed a demigod
    12 | D:1      | Noticed a formicid
    12 | D:1      | Noticed a troll
    14 | D:1      | Noticed a demonspawn
    31 | D:1      | Noticed a vampire
    31 | D:1      | Noticed a tengu
    33 | D:1      | Noticed an elf
    33 | D:1      | Noticed a spriggan
    35 | D:1      | Noticed a dwarf
    35 | D:1      | Noticed a draconian
    38 | D:1      | Noticed a human
    38 | D:1      | Noticed a naga
    41 | D:1      | Noticed a centaur
    41 | D:1      | Noticed a halfling
    43 | D:1      | Noticed a merfolk
   178 | D:1      | Reached skill level 1 in Short Blades
   178 | D:1      | Reached skill level 5 in Crossbows
   184 | D:1      | Reached XP level 2. HP: 14/18 MP: 2/2
  1085 | D:1      | Reached XP level 3. HP: 22/22 MP: 3/3
  1228 | D:2      | Found a bloodstained altar of Trog.
  1616 | D:2      | Reached XP level 4. HP: 24/27 MP: 4/4
  1773 | D:2      | Found a snail-covered altar of Cheibriados.
  2387 | D:3      | HP: 1/27 [orc wizard/magic dart (10)]
  2387 | D:3      | Slain by an orc wizard

Levels and vault maps discovered:
D:1:      kb_arrival_jail, layout_basic, serial_bayou_ford_a
D:2:      layout_basic, bloody_trog, lemuel_crystal_altar
D:3:      layout_basic, grunt_temple_overflow_holy_war,
          nicolae_dithmenos_through_a_glass_darkly, ashenzari_altar_1,
          grunt_temple_overflow_open

Skill      XL: |  1  2  3  4 |
---------------+-------------+-----
Short Blades   | 1 2 3 |  3.3
Crossbows      | 5 |  5.8
Fighting       | |  2.9
Dodging        | |  2.4
Stealth        | |  1.3

Action                   |  1- 3 |  4- 6 || total
-------------------------+-------+-------++-------
Melee: Short sword       |   103 |    92 ||   195
  Use: Potion            |       |     1 ||     1
 Stab: Sleeping          |     4 |       ||     4
  Eat: Chunk             |    10 |     3 ||    13
Armor: Leather armour    |    23 |       ||    23
       Scale mail        |     4 |    39 ||    43
Dodge: Dodged            |    65 |    56 ||   121
